 Dungeon Crawl Stone Soup version 0.31-a0-246-g8cbcc1cb85 (webtiles) character file.

Game seed: 8266289540377137413

486 promet the Covert (level 7, -2/47 HPs)
             Began as an Octopode Brigand on July 13, 2023.
             Splashed by a jelly's acid (10 damage)
             ... on level 3 of the Dungeon.
             The game lasted 00:19:16 (4876 turns).

promet the Covert (Octopode Brigand)                Turns: 4876, Time: 00:19:17

Health: -2/47      AC: -3    Str: 11    XL:     7   Next: 13%
Magic:  7/7        EV: 13    Int: 13    God:
Gold:   178        SH:  0    Dex: 15    Spells: 6/6 levels left

rFire   . . .        b - +4 short sword (speed)
rCold   . . .        (no shield)
rNeg    . . .        (helmet restricted)
rPois   .            (no amulet)
rElec   .            (no ring)
rCorr   .            (no ring)
SInv    .            (no ring)
Will    .....        (no ring)
Stlth   +++++        (no ring)
HPRegen 0.27/turn    (no ring)
MPRegen 0.10/turn    (no ring)
                     (no ring)

%: no passive effects
@: mighty, corroded
A: almost no armour, amphibious, 8 rings, camouflage 1, gelatinous body 1,
(nimble swimmer 1), tentacles
a: no special abilities


You were on level 3 of the Dungeon.
You visited 1 branch of the dungeon, and saw 4 of its levels.

You collected 178 gold pieces.

Inventory:

Hand Weapons
 a - a +2 heavy hand axe
 b - a +4 short sword of speed (weapon)
 d - a +2 dagger
 j - a +2 dagger of venom
Missiles
 c - 3 curare-tipped darts
 e - 29 stones
 l - 12 poisoned darts
Wands
 i - a wand of charming (6) (quivered)
 m - a wand of digging (5)
Scrolls
 k - a scroll of teleportation
Potions
 f - a potion of might
 g - a potion of haste
 h - a potion of cancellation {unknown}
 n - a potion of resistance {unknown}


   Skills:
 * Level 3.7 Fighting
 + Level 4.3 Short Blades
 + Level 2.2 Throwing
 + Level 1.6 Dodging
 + Level 8.7 Stealth


You had 6 spell levels left.
You didn't know any spells.
Your spell library contained the following spells:

 Spells                   Type           Power      Damage    Failure   Level
 Lesser Beckoning         Tloc           0%         N/A       43%         2
 Sublimation of Blood     Necr           0%         N/A       43%         2
 Wereblood                Tmut           0%         N/A       43%         2
 Gell's Gravitas          Tloc           0%         N/A       67%         3
 Teleport Other           Tloc           0%         N/A       67%         3
 Summon Hydra             Summ           0%         N/A       100%        7


Dungeon Overview and Level Annotations

Branches:
Dungeon (4/15)
 Temple: D:4-7

Altars:
Uskayaw

Annotations:
D:4 Pikel


Innate Abilities, Weirdness & Mutations

You cannot wear most types of armour.
You are amphibious.
You can wear up to eight rings at the same time.
Your skin changes colour to match your surroundings (Stealth+).
Your rubbery body absorbs attacks. (AC +1, EV +1)
((You are camouflaged when in or above water. (Stealth+)))
You have tentacles for arms and can constrict up to eight enemies at once.


Message History

You puncture the orc!
You kill the orc!
You see here the +3 leather armour of the Slorg {Int+5}.
There is an escape hatch in the ceiling here.
The jelly quivers.
Okay, then.
Okay, then.
a - a +2 heavy hand axe (weapon)
You see here a +0 scale mail.
The lemure shouts!
Pikel, Merchant of Souls comes into view.
He is wielding a +0 whip of freezing.
A lemure comes into view.
You see here a +0 scale mail.
A lemure comes into view.
The jelly hits you but does no damage.
You see here a +0 leather armour.
The jelly hits you.
You are splashed with acid!
You completely miss the jelly. The jelly hits you. The acid corrodes you!
You are splashed with acid.
The jelly barely misses you. The jelly hits you.
You are splashed with acid!
The jelly attacks as you move away! The jelly closely misses you.
There is an escape hatch in the ceiling here.
The jelly barely misses you. A mysterious force pulls you upwards.
The hatch slams shut behind you.
Your tentacles tingle!
b - a +4 short sword of speed (weapon)
The jelly barely misses you.
You are too injured to fight recklessly!
You are too injured to fight recklessly!
You hit the jelly.
Your tentacles burn!
The jelly is lightly wounded.
You hit the jelly.
Your tentacles burn!
The jelly is moderately wounded.
The jelly hits you.
You are splashed with acid!
* * * LOW HITPOINT WARNING * * *
You feel very mighty all of a sudden. The jelly hits you.
* * * LOW HITPOINT WARNING * * *
You are splashed with acid!
You die...

######## ## ######## #......####
#####.
.......###..##.....#########.....
........<'..#8.....+.............
.......###..##...J.##............
.......#######..@................
###.........##........##'#######.
.##.......[.#8........##.####....
.##.........##.........#...##....
.##.........##.........###.##....
......#.....##..........##.##....
......##....#.###8###8#.##..#....
......##.##.###########.###......
........................+........


You could see a jelly.

Vanquished Creatures
  A water moccasin (D:4)
  A hound (D:4)
  Terence (D:3)
  An iguana (D:3)
  Ijyb (D:3)
  An orc wizard (D:4)
  Natasha (thrice) (D:3)
  8 adders
  3 worms (D:3)
  A dart slug (D:1)
  10 orcs
  2 ball pythons (D:1)
  5 bats
  10 endoplasms
  5 giant cockroaches
  6 goblins
  6 hobgoblins
  8 kobolds
  3 quokkas
  5 frilled lizards
  7 rats
88 creatures vanquished.

Notes
Turn   | Place    | Note
-------+----------+-------------------------------------------
     0 | D:1      | promet the Octopode Brigand began the quest for the Orb.
     0 | D:1      | Reached XP level 1. HP: 14/14 MP: 1/1
   110 | D:1      | Reached XP level 2. HP: 15/19 MP: 2/2
   378 | D:1      | Reached skill level 6 in Stealth
   467 | D:1      | Reached XP level 3. HP: 23/25 MP: 3/3
  1390 | D:2      | Found a hide-covered altar of Uskayaw.
  1628 | D:2      | Reached XP level 4. HP: 16/30 MP: 4/4
  1895 | D:3      | Noticed Natasha
  2037 | D:3      | Reached skill level 7 in Stealth
  2040 | D:3      | Killed Natasha
  2041 | D:3      | Reached XP level 5. HP: 7/36 MP: 5/5
  2366 | D:3      | Noticed Natasha
  2371 | D:3      | Killed Natasha
  2398 | D:3      | You fall into a shaft and drop 1 floor!
  2401 | D:4      | Noticed a lemure
  2401 | D:4      | Noticed a lemure
  2457 | D:3      | Noticed Ijyb
  2514 | D:3      | Killed Ijyb
  2515 | D:3      | Reached skill level 8 in Stealth
  2642 | D:3      | Noticed Terence
  2647 | D:3      | Killed Terence
  2648 | D:3      | Reached XP level 6. HP: 42/42 MP: 6/6
  3431 | D:3      | Noticed Natasha
  3476 | D:3      | Killed Natasha
  4375 | D:4      | Noticed a water moccasin
  4386 | D:4      | Killed a water moccasin
  4387 | D:4      | Reached XP level 7. HP: 34/47 MP: 7/7
  4848 | D:4      | Identified the +3 leather armour of the Slorg {Int+5}
  4861 | D:4      | Noticed Pikel
  4876 | D:3      | Splashed by a jelly's acid

Illustrated notes

Levels and vault maps discovered:
D:1:      nzn_arrival_depleted_hourglass, layout_basic, hangedman_decor_push,
          minmay_pentomino_o4
D:2:      layout_rooms, basic_altar
D:3:      layout_basic, serial_corexii_hall, chequers_hall_statues_corner_a,
          corexii_hall_statues_t, chequers_hall_statues_corner_a,
          corexii_hall_statues_s, uniq_ijyb, uniq_natasha, uniq_terence
D:4:      layout_layer_cave, uniq_pikel

Skill      XL: |  1  2  3  4  5  6 |
---------------+-------------------+-----
Stealth        | 6 7 8 |  8.7
Fighting       | 3 |  3.7
Short Blades   | 3 4 |  4.3
Throwing       | |  2.2
Dodging        | |  1.6

Action                     |  1- 3 |  4- 6 |  7- 9 || total
---------------------------+-------+-------+-------++-------
  Melee: Dagger            |    15 |       |       ||    15
         Tentacles         |    10 |    24 |     2 ||    36
         Short sword       |    54 |   108 |     9 ||   171
         Constrict         |     9 |    19 |     1 ||    29
         Hand axe          |       |       |     1 ||     1
  Throw: Dart              |       |     7 |       ||     7
         Stone             |       |     7 |       ||     7
  Evoke: Wand              |       |       |     1 ||     1
    Use: Scroll            |     3 |     9 |       ||    12
         Potion            |     1 |     4 |     1 ||     6
   Stab: Sleeping          |    15 |     6 |     2 ||    23
         Distracted        |       |     3 |       ||     3
 Armour: Skin              |     1 |     1 |     1 ||     3
  Dodge: Dodged            |    20 |    33 |     5 ||    58

Table legend: (Time is in decaauts)
 A = Elapsed time spent in this place.
 B = Non-inter-level travel time spent in this place.
 C = Inter-level travel time spent in this place.
 D = Time resting spent in this place.
 E = Time spent auto-exploring this place.
 F = Levels seen in this place.
 G = Mean time per level.
                   A        B        C        D        E       F      G
               +--------+--------+--------+--------+--------+-----+--------+
         Total |   4767 |   4644 |    123 |   1793 |   1567 |   4 | 1191.8 |
       Dungeon |   4767 |   4644 |    123 |   1793 |   1567 |   4 | 1191.8 |
               +--------+--------+--------+--------+--------+-----+--------+

Top non-repeatable levels by time:
     D:3: 1588 daAuts
     D:1: 1215 daAuts
     D:4: 1003 daAuts
     D:2: 960 daAuts
